 Dungeon Sprint DCSS version 0.25-b1-29-g4cfa5c7bda (webtiles) character file.

Game seed: 5832433484470617714, levelgen mode: deterministic

259 Chiseanne the Sneak (level 5, 0/47 HPs)
             Began as a Demonspawn Assassin on June 3, 2020.
             Slain by a jelly (1 damage)
             ... in the Dungeon (Sprint I: "Red Sonja").
             The game lasted 00:01:48 (337 turns).

Chiseanne the Sneak (Demonspawn Assassin)            Turns: 337, Time: 00:01:48

Health: 0/47       AC:  1    Str: 12    XL:     5   Next: 95%
Magic:  5/5        EV: 13    Int: 12    God:
Gold:   162        SH:  0    Dex: 15    Spells: 4/4 levels left

rFire    . . .     SeeInvis .   a - +2 dagger
rCold    . . .     Gourm    .   (no shield)
rNeg     . . .     Faith    .   m - +0 ring mail
rPois    .         Spirit   .   (no helmet)
rElec    .         Reflect  .   c - +0 cloak
rCorr    .         Harm     .   (no gloves)
MR       .....     NoTele   +   (no boots)
Stlth    +++.......             (no amulet)
HPRegen  0.15/turn              (no ring)
MPRegen  0.09/turn              (no ring)

@: corroded
A: slimy green scales 1, powered by pain 1
a: no special abilities


You were in the Dungeon.
You were not hungry.

You visited 1 branch You collected 162 gold pieces.

Inventory:

Hand Weapons
 a - a +2 dagger (weapon)
Missiles
 d - 8 poisoned darts
 e - a curare-tipped dart (quivered)
Armour
 c - a +0 cloak (worn)
 m - a +0 ring mail (worn)
Scrolls
 l - a scroll of blinking
Potions
 g - a potion of curing
 j - 2 potions of magic
Comestibles
 b - 4 chunks of flesh
 f - a ration


   Skills:
 * Level 6.5 Fighting
 - Level 1.7 Short Blades
 - Level 1.7 Throwing
 * Level 5.1 Armour
 * Level 5.7 Dodging
 * Level 7.2 Stealth


You had 4 spell levels left.
You didn't know any spells.
Your spell library was empty.

Dungeon Overview and Level Annotations

Branches:
Dungeon (1/1)

Altars:
Sif Muna
Vehumet
Wu Jian


Innate Abilities, Weirdness & Mutations

You are partially covered in slimy green scales. (AC +2)
You sometimes gain a little power by taking damage.


Message History

You hit the jelly.
Your hands burn!
The jelly is almost dead.
The jelly misses you.
There is an open door, spattered with blood here.
Things that are here:
a +0 scythe; a +0 robe; the human skeleton of Sigmund You hit the jelly.
Your hands burn!
* * * LOW HITPOINT WARNING * * *
The jelly is almost dead.
The jelly hits you.
* * * LOW HITPOINT WARNING * * *
You are splashed with acid!
* * * LOW HITPOINT WARNING * * *
Throwing (i - inventory. (/) - cycle)
e - 2 curare-tipped darts (quivered)
Press: ? - help, Shift-Dir - straight line, f - jelly
Aim: a jelly (almost dead)
You throw a curare-tipped dart. The curare-tipped dart hits the jelly.
The jelly is almost dead.
The jelly hits you.
You die...

################
#<.#.['..#..'..#
#..'..#.@J..#..+
#..#####'#####'#
#.)# #..# #)#
#..# #### #$#
#..# #_.+ #⌠⌠#
..._# ####
#_.#+# ##+


You could see a jelly.

Vanquished Creatures
  Sigmund (D)
  An ogre (D)
  Ijyb (D)
3 creatures vanquished.

Notes
Turn   | Place    | Note
-------+----------+-------------------------------------------
     0 | D        | Chiseanne the Demonspawn Assassin began the quest for the
                  | Orb.
     0 | D        | Reached XP level 1. HP: 16/16 MP: 1/1
     2 | D        | Noticed Ijyb
     6 | D        | Killed Ijyb
     6 | D        | Reached skill level 1 in Armour
     6 | D        | Reached skill level 4 in Stealth
     6 | D        | Gained mutation: You are partially covered in slimy green
                  | scales. (AC +2) [demonic ancestry]
     6 | D        | Reached XP level 2. HP: 19/24 MP: 2/2
    58 | D        | Noticed an ogre
    68 | D        | Killed an ogre
    68 | D        | Reached skill level 5 in Fighting
    68 | D        | Reached skill level 5 in Stealth
    68 | D        | Gained mutation: You sometimes gain a little power by
                  | taking damage. [demonic ancestry]
    68 | D        | Reached XP level 3. HP: 33/33 MP: 3/3
    68 | D        | Reached XP level 4. HP: 39/39 MP: 4/4
    90 | D        | Noticed Sigmund
   143 | D        | Killed Sigmund
   143 | D        | Reached skill level 5 in Armour
   143 | D        | Reached skill level 5 in Dodging
   143 | D        | Reached skill level 7 in Stealth
   143 | D        | Reached XP level 5. HP: 32/47 MP: 5/5
   318 | D        | Found a shimmering blue altar of Sif Muna.
   319 | D        | Found an ornate altar of the Wu Jian Council.
   320 | D        | Found a radiant altar of Vehumet.
   336 | D        | HP: 1/47 [acid (7)]
   337 | D        | Slain by a jelly

Illustrated notes

Levels and vault maps discovered:
D:        dungeon_sprint_1 [red_sonja_temple_1, red_sonja_temple_small_1]

Skill      XL: |  1  2  3  4 |
---------------+-------------+-----
Fighting       | 3 5 6 |  6.5
Armour         | 1 3 5 |  5.1
Dodging        | 2 4 5 |  5.7
Stealth        | 4 5 7 |  7.2
Short Blades   | |  1.7
Throwing       | |  1.7

Action                   |  1- 3 |  4- 6 || total
-------------------------+-------+-------++-------
Melee: Dagger            |     2 |    39 ||    41
Throw: Dart              |     4 |     8 ||    12
  Use: Potion            |       |     3 ||     3
 Stab: Sleeping          |     1 |       ||     1
Armor: Ring mail         |       |     5 ||     5
Dodge: Dodged            |       |     8 ||     8
